 Dungeon Crawl Stone Soup version 0.29-a0-1009-g60c99734e7 (webtiles) character file.

Game seed: 16536011815693845001

155 Manisian the Caller (level 5, -2/28 HPs)
             Began as a Tengu Summoner on Aug 8, 2022.
             Was an Initiate of Dithmenos.
             Engulfed by a cloud of poison gas (9 damage)
             ... on level 4 of the Dungeon.
             The game lasted 00:08:16 (4381 turns).

Manisian the Caller (Tengu Summoner)                Turns: 4381, Time: 00:08:17

Health: -2/28      AC:  2    Str:  8    XL:     5   Next: 37%
Magic:  11/11      EV: 15    Int: 17    God:    Dithmenos [......]
Gold:   244        SH:  0    Dex: 15    Spells: 1/10 levels left

rFire   . . .      SeeInvis .   i - +1 halberd
rCold   + . .      Faith    .   (shield currently unavailable)
rNeg    . . .      Spirit   .   a - +0 robe
rPois   .          Reflect  .   (helmet restricted)
rElec   .          Harm     .   (no cloak)
rCorr   .          Rampage  .   (no gloves)
Will    .....                   (boots unavailable)
Stlth   ++........              (no amulet)
HPRegen 0.09/turn               l - ring of protection from cold
MPRegen 0.12/turn               (no ring)

@: lethally poisoned (-2 -> -57), weak-willed, flying quickly and evasively,
quick
A: beak, talons 3, nimble flight
a: Renounce Religion


You were on level 4 of the Dungeon.
You worshipped Dithmenos.
Dithmenos was noncommittal.
You visited 2 branches of the dungeon, and saw 5 of its levels.

You collected 244 gold pieces.

Inventory:

Hand Weapons
 i - a +1 halberd (weapon)
Armour
 a - a +0 robe (worn)
Jewellery
 l - a ring of protection from cold (left hand)
Wands
 k - a wand of mindburst (14)
Potions
 b - 2 potions of magic
 c - a potion of lignification
 d - a potion of curing {unknown}
 e - 2 potions of cancellation
 f - 2 potions of heal wounds


   Skills:
 + Level 0.4 Fighting
 + Level 0.9 Polearms
 + Level 2.6 Dodging
 + Level 2.6 Stealth
 + Level 3.4 Spellcasting
 + Level 6.0 Summonings


You had one spell level left.
You knew the following spells:

 Your Spells              Type           Power      Damage    Failure   Level
a - Summon Small Mammal   Summ           92%        N/A       1%          1
b - Call Imp              Summ           23%        N/A       1%          2
c - Call Canine Familiar  Summ           23%        N/A       4%          3
d - Summon Guardian Gole  Hex/Summ       13%        N/A       14%         3

Your spell library contained the following spells:

 Spells                   Type           Power      Damage    Failure   Level
 Apportation              Tloc           4%         N/A       17%         1
 Necrotise                Necr           8%         1d4       17%         1
 Poisonous Vapours        Pois/Air       4%         N/A       26%         2
 Animate Armour           Summ/Erth      26%        N/A       43%         4
 Summon Lightning Spire   Summ/Air       13%        N/A       43%         4
 Stone Arrow              Conj/Erth      4%         3d7       45%         3
 Corpse Rot               Necr/Pois/Air  2%         N/A       86%         4
 Lehudib's Crystal Spear  Conj/Erth      1%         10d2      100%        8


Dungeon Overview and Level Annotations

Branches:
Dungeon (4/15)             Temple (1/1) D:4

Altars:
Ashenzari
Cheibriados
Dithmenos
Elyvilon
Kikubaaqudgha
Makhleb
Nemelex Xobeh
Okawaru
Qazlal
Sif Muna
Trog
Uskayaw
Wu Jian
Xom
Yredelemnul
Zin

Shops:
D:2 !   D:3 (


Innate Abilities, Weirdness & Mutations

You have a beak for a mouth.
You have claws for feet.
Your magical nature lets you fly swiftly and evasively.


Message History

No target in view!
Found a whip.
No target in view!
Found a stone staircase leading down.
You now have 244 gold pieces (gained 7).
l - a ring of protection from cold No target in view!
l - a ring of protection from cold (left hand)
You see here 3 large rocks.
You see here a +0 dagger.
You see here a +0 short sword.
You see here a +0 club.
Found a stone staircase leading down.
Done exploring.
Done exploring.
Done exploring.
As you read the scroll of identify, it crumbles to dust.
e - 2 potions of cancellation The air fills with toxic fumes!
As you read the scroll labelled QUUS OT SIN, it crumbles to dust.
It was a scroll of poison.
As you read the scroll labelled NON QOEFRU, it crumbles to dust.
Magic quickly surges around you.
It was a scroll of vulnerability.
Really fly into that cloud of poison gas? [Y]es or [N]o only, please.
Really fly into that cloud of poison gas?
You are engulfed in poison gas.
You are poisoned.
You feel very sick.
You are engulfed in poison gas.
You are lethally poisoned!
* * * LOW HITPOINT WARNING * * *
You feel extremely sick.
There is a stone staircase leading down here.
You feel much better.
You are engulfed in poison gas.
You are more poisoned.
* * * LOW HITPOINT WARNING * * *
You feel extremely sick.
You are engulfed in poison gas.
You are more poisoned.
You die...

#.....###.#.######
#.###.# #...#.##.#
#.# #.# ###.#.##.#
#.# #.#####.#.##.#
#.# #.......#....#
#.# #####....(##.#
#.# #.§........#.#
#§###☼###.....##.#
#§☼@§.# #..>...#.#
####### #....).#.#
######...# ###.#
#.# ###


There were no monsters in sight!

Vanquished Creatures
  An adder (D:4)
  2 dart slugs (D:3)
  An orc (D:4)
  4 bats
  3 endoplasms
  2 goblins
  3 hobgoblins
  7 ball pythons
  3 frilled lizards
  A kobold (D:3)
  A rat (D:2)
28 creatures vanquished.

Vanquished Creatures (collateral kills)
  Robin (D:2)
  3 gnolls (D:2)
  An adder (D:3)
  A dart slug (D:2)
  An orc (D:4)
  9 ball pythons
  2 endoplasms (D:1)
  2 giant cockroaches
  12 goblins
  8 hobgoblins
  2 quokkas
  3 bats (D:1)
  A frilled lizard (D:1)
  3 kobolds (D:1)
  4 rats
53 creatures vanquished.

Vanquished Creatures (others)
  3 orcs (D:4)
  A fungus (D:2)
4 creatures vanquished.

Grand Total: 85 creatures vanquished

Notes
Turn   | Place    | Note
-------+----------+-------------------------------------------
     0 | D:1      | Manisian the Tengu Summoner began the quest for the Orb.
     0 | D:1      | Reached XP level 1. HP: 10/10 MP: 4/4
   315 | D:1      | Reached skill level 5 in Summonings
   315 | D:1      | Reached XP level 2. HP: 15/15 MP: 1/6
   397 | D:1      | Learned a level 2 spell: Call Imp
  1243 | D:1      | Reached XP level 3. HP: 15/19 MP: 5/7
  1247 | D:1      | Learned a level 3 spell: Call Canine Familiar
  1946 | D:2      | Found a stormy altar of Qazlal.
  2053 | D:2      | Noticed Robin
  2087 | D:2      | Killed Robin
  2101 | D:2      | Reached XP level 4. HP: 19/24 MP: 6/9
  2398 | D:2      | Found Vaclas's Distillery.
  2554 | D:2      | Reached skill level 6 in Summonings
  2942 | D:2      | Found a faded altar of an unknown god.
  2951 | D:2      | Got Plato's Parchment of the Excursion
  3010 | D:2      | Learned a level 3 spell: Summon Guardian Golem
  3092 | D:3      | Gained mutation: Your magical nature lets you fly swiftly
                  | and evasively. [Tengu growth]
  3092 | D:3      | Reached XP level 5. HP: 28/28 MP: 10/10
  3247 | D:3      | Found Izxaxofo's Antique Weapon Shop.
  3857 | D:4      | Found a staircase to the Ecumenical Temple.
  3895 | Temple   | Entered the Ecumenical Temple
  4022 | Temple   | Became a worshipper of Dithmenos the Shadowed
  4381 | D:4      | Engulfed by a cloud of poison gas

Illustrated notes

Levels and vault maps discovered:
D:1:      roderic_octagonal_star, layout_rooms, serial_aquarium,
          aquarium_bridge_square [aquarium_subvault_balcony,
          aquarium_subvault_bridge, aquarium_subvault_bridge,
          aquarium_subvault_bridge], aquarium_bridge_long_joined
          [aquarium_subvault_bridge, aquarium_subvault_window,
          aquarium_subvault_bridge, aquarium_subvault_window,
          aquarium_subvault_wall, aquarium_subvault_bridge], aquarium_window_1,
          aquarium_window_2, aquarium_view_2g, aquarium_view_2a,
          aquarium_balcony_3a, chequers_decorated_corner,
          grunt_decor_mini_mirrors, minmay_misc_feat_encased, dk_noncrumbling_2,
          kennysheep_minor_cross
D:2:      layout_basic, shapermc_ecumenical_altar_rom_forum, serial_shops,
          nicolae_shop_stone, basic_altar, uniq_robin
D:3:      layout_loops_ring, serial_shops, nicolae_shop_hallway_stairs
D:4:      layout_basic, temple_fountains, serial_curves, eino_curves_02,
          eino_curves_01
Temple:   regret_index_temple_waves

Skill      XL: |  1  2  3  4 |
---------------+-------------+-----
Summonings     | 5 6 |  6.0
Spellcasting   | 3 |  3.4
Fighting       | |  0.4
Polearms       | |  0.9
Dodging        | |  2.6
Stealth        | |  2.6

Action                   |  1- 3 |  4- 6 || total
-------------------------+-------+-------++-------
Melee: Unarmed           |     9 |       ||     9
       Kick              |     1 |     6 ||     7
       Peck              |     1 |     4 ||     5
       Halberd           |       |    47 ||    47
 Cast: Summon Small Mamm |    33 |    16 ||    49
       Call Imp          |    10 |     6 ||    16
       Call Canine Famil |     1 |     3 ||     4
       Summon Guardian G |       |     1 ||     1
  Use: Scroll            |       |     9 ||     9
       Potion            |       |     1 ||     1
 Stab: Sleeping          |       |     8 ||     8
Armor: Robe              |    18 |    10 ||    28
Dodge: Dodged            |    31 |    38 ||    69

Table legend: (Time is in decaauts)
 A = Elapsed time spent in this place.
 B = Non-inter-level travel time spent in this place.
 C = Inter-level travel time spent in this place.
 D = Time resting spent in this place.
 E = Time spent auto-exploring this place.
 F = Levels seen in this place.
 G = Mean time per level.
                   A        B        C        D        E       F      G
               +--------+--------+--------+--------+--------+-----+--------+
         Total |   4296 |   4150 |    146 |     12 |   3273 |   5 |  859.2 |
       Dungeon |   4164 |   4048 |    116 |     12 |   3185 |   4 | 1041.0 |
        Temple |    132 |    102 |     30 |      0 |     88 |   1 |  132.0 |
               +--------+--------+--------+--------+--------+-----+--------+

Top non-repeatable levels by time:
     D:1: 1935 daAuts
     D:2: 1089 daAuts
     D:3: 601 daAuts
     D:4: 538 daAuts
  Temple: 132 daAuts
